 Dungeon Crawl Stone Soup version 0.31-a0-1001-g770356a28f (webtiles) character file.

Game seed: 10692761058785199068

480 Malachi the Ruffian (level 6, -13/43 HPs)
             Began as a Demonspawn Shapeshifter on Nov 8, 2023.
             Mangled by an ogre
             ... wielding a +0 giant club
              (31 damage)
             ... on level 4 of the Dungeon.
             The game lasted 00:03:11 (3611 turns).

Malachi the Ruffian (Demonspawn Shapeshifter)       Turns: 3611, Time: 00:03:12

Health: -13/43     AC:  8    Str: 16    XL:     6   Next: 86%
Magic:  6/6        EV:  7    Int: 12    God:
Gold:   124        SH:  0    Dex: 12    Spells: 5/5 levels left

rFire   . .          .
                       - Unarmed
rCold   . . .        (no shield)
rNeg    . . .        o - +0 chain mail
rPois   .            (helmet currently unavailable)
rElec   .            (cloak currently unavailable)
rCorr   .            (gloves currently unavailable)
SInv    .            (boots currently unavailable)
Will    .....        (no amulet) Stlth
                     (no ring)
HPRegen 0.27/turn    (no ring)
MPRegen 0.10/turn

%: no passive effects
@: mighty, beast-form
A: beast (slay +2), powered by pain 1, demonic touch 1
a: Begin Untransformation


You were on level 4 of the Dungeon.
You were a hulking beast.
You visited 1 branch of the dungeon, and saw 4 of its levels.

You collected 124 gold pieces.

Inventory:

Armour
 o - a +0 chain mail (worn)
Jewellery
 l - an amulet of magic regeneration
 m - a ring of resist corrosion
Talismans
 c - a beast talisman
 d - a flux talisman
 h - a maw talisman
Scrolls
 e - a scroll of enchant weapon {unknown}
 f - a scroll of teleportation {unknown}
 g - 3 scrolls of identify {unknown}
 i - a scroll of brand weapon {unknown}
 j - 2 scrolls of blinking {unknown}
 k - a scroll of enchant armour {unknown}
Potions
 a - a potion of invisibility {unknown}
 b - a potion of haste {unknown}
 n - a potion of enlightenment {unknown}
 p - a potion of heal wounds {unknown}


   Skills:
 - Level 1.0 Fighting
 - Level 1.7 Dodging
 + Level 5.7 Unarmed Combat
 * Level 4.7 Shapeshifting


You had 5 spell levels left.
You didn't know any spells.
Your spell library was empty.

Dungeon Overview and Level Annotations

Branches:
Dungeon (4/15)
 Temple: D:4-7

Altars:


Innate Abilities, Weirdness & Mutations

You are a hulking beast.
Your limbs bulge with bestial killing power. (Slay +2)
You sometimes gain a little power by taking damage.
Your touch may inflict minor irresistible damage on your foes.


Message History

Done exploring.
You climb downwards.
Found a dented filigree amulet, a leather armour and an inky potion.
There is a stone staircase leading up here.
Unknown command.
l - an amulet of magic regeneration An endoplasm comes into view.
The endoplasm quivers.
An endoplasm is nearby!
The endoplasm freezes you.
You are frozen.
You hit the endoplasm.
The endoplasm is severely wounded.
You hit the endoplasm.
You kill the endoplasm!
No target in view!
No target in view!
HP restored.
p - an inky potion A worm comes into view.
A worm is nearby!
A worm is nearby!
A worm is nearby!
A worm is nearby!
An ogre comes into view. It is wielding a +0 giant club.
Found an escape hatch in the ceiling.
The ogre hits you with a +0 giant club!!
Ouch! That really hurt!
You focus on the pain.
You feel very mighty all of a sudden.
You are too injured to fight recklessly!
You are too injured to fight recklessly!
You are too injured to fight recklessly!
You are too injured to fight recklessly!
You are too injured to fight recklessly!
Unknown command.
The ogre attacks as it pursues you!
The ogre hits you with a +0 giant club!!
Ouch! That really hurt!
You die...

....... . .....#.
. .......#.
.....$..###
..........
........#######.##
#.w.....<..#..
#...O### #.#.####
##...h.# #......#
#.#...###......#
...##...##......#
###. ##...#.....#
#. #.........# ##
#.........# #.
#[........##...
#............#
#...#..<.....#


You could see an ogre and a worm.

Vanquished Creatures
  Sigmund (D:3)
  Pargi (D:3)
  A scorpion (D:3)
  An orc priest (D:3)
  Terence (D:2)
  4 adders
  A worm (D:2)
  4 dart slugs
  7 orcs (D:3)
  2 bats
  6 endoplasms
  5 giant cockroaches
  3 goblins
  3 hobgoblins (D:1)
  6 jackals
  2 quokkas
  4 ball pythons (D:1)
  4 frilled lizards
  6 kobolds
  3 rats
65 creatures vanquished.

Notes
Turn   | Place    | Note
-------+----------+-------------------------------------------
     0 | D:1      | Malachi the Demonspawn Shapeshifter began the quest for the
                  | Orb.
     0 | D:1      | Reached XP level 1. HP: 15/15 MP: 1/1
    55 | D:1      | Reached skill level 3 in Unarmed Combat
   133 | D:1      | Gained mutation: You sometimes gain a little power by
                  | taking damage. [demonic ancestry]
   133 | D:1      | Reached XP level 2. HP: 15/21 MP: 2/2
   767 | D:1      | You fall into a shaft and drop 1 floor!
   800 | D:2      | Reached XP level 3. HP: 11/26 MP: 3/3
  1362 | D:2      | Reached skill level 4 in Unarmed Combat
  1435 | D:2      | Noticed Terence
  1451 | D:2      | HP: 1/26 [giant cockroach (2)]
  1462 | D:2      | Killed Terence
  1463 | D:2      | Reached XP level 4. HP: 6/32 MP: 4/4
  2461 | D:3      | Gained mutation: Your touch may inflict minor irresistible
                  | damage on your foes. [demonic ancestry]
  2461 | D:3      | Reached XP level 5. HP: 27/37 MP: 5/5
  2625 | D:3      | Reached skill level 5 in Unarmed Combat
  3147 | D:3      | Noticed Pargi
  3154 | D:3      | Killed Pargi
  3155 | D:3      | Reached XP level 6. HP: 33/43 MP: 6/6
  3312 | D:3      | Noticed Sigmund
  3323 | D:3      | Killed Sigmund
  3611 | D:4      | Mangled by an ogre

Illustrated notes

Levels and vault maps discovered:
D:1:      nagdon_arrival_zigzag_paths, layout_basic, nicolae_titane
D:2:      layout_rooms, minmay_tromino_i4, uniq_terence
D:3:      layout_basic, kennysheep_pointless_box, uniq_sigmund, uniq_pargi
D:4:      layout_basic, mainiacjoe_overflow_surrounded_room, uniq_menkaure

Skill      XL: |  1  2  3  4  5 |
---------------+----------------+-----
Unarmed Combat | 3 4 5 |  5.7
Shapeshifting  | 3 4 |  4.7
Fighting       | |  1.0
Dodging        | |  1.7

Action                     |  1- 3 |  4- 6 || total
---------------------------+-------+-------++-------
  Melee: Unarmed           |    96 |   125 ||   221
         Punch             |     3 |     3 ||     6
         Touch             |       |    12 ||    12
    Use: Potion            |     3 |       ||     3
   Stab: Sleeping          |     3 |       ||     3
 Armour: Animal skin       |    33 |       ||    33
         Scale mail        |    27 |    85 ||   112
         Ring mail         |     4 |       ||     4
         Skin              |     4 |       ||     4
         Chain mail        |       |     5 ||     5
  Dodge: Dodged            |    37 |    67 ||   104

Table legend: (Time is in decaauts)
 A = Elapsed time spent in this place.
 B = Non-inter-level travel time spent in this place.
 C = Inter-level travel time spent in this place.
 D = Time resting spent in this place.
 E = Time spent auto-exploring this place.
 F = Levels seen in this place.
 G = Mean time per level.
                   A        B        C        D        E       F      G
               +--------+--------+--------+--------+--------+-----+--------+
         Total |   3592 |   3501 |     91 |    716 |   2229 |   4 |  898.0 |
       Dungeon |   3592 |   3501 |     91 |    716 |   2229 |   4 |  898.0 |
               +--------+--------+--------+--------+--------+-----+--------+

Top non-repeatable levels by time:
     D:3: 1539 daAuts
     D:1: 1281 daAuts
     D:2: 745 daAuts
     D:4: 26 daAuts
